 Dungeon Crawl Stone Soup version 0.24-b1-30-g840c9efd86 (webtiles) character file.

Game seed: 4143793010217983933, levelgen mode: deterministic

37820 Mesmaeker13 the Spry (level 14, -6/79 HPs)
             Began as a Kobold Hunter on Oct 22, 2019.
             Was a High Priest of Hepliaklqana.
             Mangled by a polar bear (40 damage)
             ... on level 4 of the Lair of Beasts.
             The game lasted 00:53:47 (23236 turns).

Mesmaeker13 the Spry (Kobold Hunter)               Turns: 23236, Time: 00:53:48

Health: -6/79      AC: 11    Str: 11    XL:     14   Next: 31%
Magic:  16/21      EV: 35    Int: 14    God:    Hepliaklqana [*****.]
Gold:   781        SH:  0    Dex: 24    Spells: 14/23 levels left

rFire    . . .     SeeInvis +   u - +5 short sword (venom)
rCold    . . .     Gourm    .   G - +0 buckler
rNeg     . . .     Faith    .   A - +3 leather armour of Jigsaw {Str+2 Slay+3}
rPois    +         Spirit   .   k - +0 helmet
rElec    .         Reflect  .   j - scarf {repulsion}
rCorr    .         Harm     .   c - +0 pair of gloves
MR       +....                  l - +2 pair of boots
Stlth    +++++.....             (no amulet)
HPRegen  0.23/turn              m - ring of see invisible
MPRegen  0.17/turn              M - ring of poison resistance

@: agile, sleeping, repel missiles
A: small, reduced essence, carnivore
a: Recall Ancestor, Ancestor Identity, Transference, Idealise, Renounce Religion


You were on level 4 of the Lair of Beasts.
You worshipped Hepliaklqana.
Hepliaklqana was extremely pleased with you.
You were very full.

You visited 3 branches of the dungeon, and saw 16 of its levels.

You collected 781 gold pieces.

Inventory:

Hand Weapons
 a - a +2 hand crossbow
 r - a +8 quick blade
 u - a +5 short sword of venom (weapon)
 D - a +0 scimitar of freezing
 R - a +4 dagger of speed
Missiles
 d - 84 bolts
 B - 9 curare-tipped darts (quivered)
 C - an atropa-tipped dart
 J - 6 boomerangs
Armour
 c - a +0 pair of gloves (worn)
 j - a scarf of repulsion (worn)
 k - a +0 helmet (worn)
 l - a +2 pair of boots (worn)
 A - the +3 leather armour of Jigsaw (worn) {Str+2 Slay+3}
   (You found it on level 3 of the Lair of Beasts)

   It affects your strength (+2).
   It affects your accuracy and damage with ranged weapons and melee attacks
   (+3).
 G - a +0 buckler (worn)
Jewellery
 m - a ring of see invisible (left hand)
 o - an uncursed ring of resist corrosion
 w - an uncursed ring of protection from fire
 M - a ring of poison resistance (right hand)
Wands
 T - a wand of iceblast (8)
 V - a wand of digging (6)
Scrolls
 e - 2 scrolls of summoning
 h - 3 scrolls of teleportation
 p - a scroll of amnesia
 v - 2 scrolls of fear {unknown}
 y - a scroll of enchant weapon
 E - 5 scrolls of remove curse
 H - a scroll of holy word
 L - 2 scrolls of magic mapping
 N - a scroll of fog
 U - a scroll of vulnerability {unknown}
Potions
 i - 3 potions of cancellation
 n - 4 potions of heal wounds
 q - 2 potions of lignification {unknown}
 s - a potion of haste {unknown}
 x - 4 potions of agility
 z - a potion of brilliance {unknown}
 K - a potion of magic {unknown}
 P - a potion of invisibility
 Q - 2 potions of flight {unknown}
 S - 2 potions of curing
Miscellaneous
 g - a crystal ball of energy
Comestibles
 f - 31 rations


   Skills:
 - Level 10.0 Fighting
 - Level 12.0 Short Blades
 - Level 5.5 Crossbows
 + Level 4.2 Throwing
 + Level 0.9 Armour
 - Level 15.0 Dodging
 + Level 8.8 Stealth
 - Level 5.6 Shields
 - Level 5.1 Spellcasting
 - Level 9.2 Hexes
 + Level 3.8 Necromancy


You had 14 spell levels left.
You knew the following spells:

 Your Spells              Type           Power        Failure   Level  Hunger
a - Confuse               Hex            ####....     1%          3    ###....
b - Death Channel         Necr           ##........   100%        6    #######

Your spell library contained the following spells:

 Spells                   Type           Power        Failure   Level  Hunger
 Confusing Touch          Hex            ####..       1%          1    None
 Corona                   Hex            ####...      1%          1    None
 Tukima's Dance           Hex            ####....     1%          3    ###....
 Animate Skeleton         Necr           N/A          4%          1    None
 Ensorcelled Hibernation  Hex/Ice        ###...       5%          2    ##.....
 Dazzling Spray           Conj/Hex       ###...       11%         3    ###....
 Summon Guardian Golem    Hex/Summ       ###.....     11%         3    ###....
 Apportation              Tloc           #.....       22%         1    None
 Summon Small Mammal      Summ           #...         22%         1    None
 Call Imp                 Summ           #.......     34%         2    ##.....
 Animate Dead             Necr           N/A          43%         4    ####...
 Call Canine Familiar     Summ           #.......     56%         3    ###....
 Recall                   Summ/Tloc      N/A          56%         3    ###....
 Summon Ice Beast         Ice/Summ       #.......     92%         4    ####...
 Summon Lightning Spire   Summ/Air       #.......     92%         4    ####...
 Borgnjor's Vile Clutch   Necr/Erth      #.........   96%         5    ######.
 Bolt of Magma            Conj/Fire/Erth #.........   99%         5    ######.
 Iskenderun's Battlesphe  Conj/Chrm      #.......     99%         5    ######.
 Venom Bolt               Conj/Pois      #.........   99%         5    ######.
 Iron Shot                Conj/Erth      #.........   100%        6    #######
 Simulacrum               Ice/Necr       #.........   100%        6    #######
 Orb of Destruction       Conj           #.........   100%        7    #######
 Spellforged Servitor     Conj/Summ      #.........   100%        7    #######


Dungeon Overview and Level Annotations

Branches:
Dungeon (10/15)            Temple (1/1) D:4            Lair (5/6) D:8
 Shoals (0/4) Lair:3       Spider (0/4) Lair:4
  Slime: Lair:5-6       Orc: D:9-12

Altars:
Ashenzari
Cheibriados
Dithmenos
Elyvilon
Fedhas
Gozag
Hepliaklqana
Kikubaaqudgha
Makhleb
Nemelex Xobeh
Okawaru
Qazlal
Ru
Sif Muna
Trog
Uskayaw
Vehumet
Wu Jian
Xom
Yredelemnul
Zin
The Shining One
Jiyva

Shops:
D:6 [   D:10 =


Innate Abilities, Weirdness & Mutations

You are small and have problems with some larger weapons.
You are carnivorous and can eat meat at any time.
Your life essence is reduced to manifest your ancestor. (-10% HP)


Message History

You hit the elephant.
The elephant is heavily wounded.
You hit the elephant but do no damage.
The elephant is heavily wounded.
You puncture the elephant!
The elephant looks as sick as possible!
The elephant is severely wounded.
You puncture the elephant!
The elephant looks as sick as possible!
The elephant is almost dead.
The elephant tramples the elephant.
The elephant holds its ground!
The elephant completely misses the elephant.
You hit the elephant but do no damage.
The elephant looks as sick as possible!
The elephant is almost dead.
You puncture the elephant!
You kill the elephant!
The elephant barely misses you. You block the elephant's attack.
The dream sheep shake their wool and sparkle.
You feel drowsy...
You fall asleep.
The polar bear bites you!!!
Ouch! That really hurt!
You die...

....h..###P+..#.# #.........#
'.###.## #..#.### ##P...#...#
...#### #..### ##....##.## .#.###
##..## #..#.##### ..+P.#
##...Y### #.......## .....#
#P+.##Y.### ##........## .....#
#......Y..# ###..........#
.....###.......Y.###..........###
.......#.......h@..#..........P#
......##........+....P.......PP#
.>.....+........##.##.P...÷....#
.†............>.######.....[..##
.÷...+^.........# #P........#
......##........# #........##
.....###.#.##.+P# ##.#..÷.##
'..### ####....## ###...##
.....## ###.....## ##..#


You could see 2 elephants, a polar bear and 2 dream sheep.

Vanquished Creatures
  The ghost of Haxyobbu the Fighter, a journeyman MiFi of Okawaru (Lair:2)
  3 hydras
  2 two-headed ogres
  8 death yaks
  Sonja (Lair:3)
  An unseen horror (D:10)
  Pikel (D:7)
  An elephant (Lair:4)
  3 black mambas
  A centaur skeleton (D:10)
  4 torpor snails
  7 spiny frogs
  2 komodo dragons (Lair:4)
  A jumping spider (Lair:4)
  19 blink frogs
  A hippogriff (Lair:1)
  2 dream sheep
  A redback (Lair:4)
  4 wyverns
  16 yaks
  2 basilisks
  Menkaure (D:6)
  5 water moccasins
  4 porcupines
  2 orc warriors
  4 sky beasts
  Duvessa (D:7)
  4 black bears
  An ice beast (D:6)
  An eye of draining (D:10)
  2 ogres (D:9)
  A phantom (D:8)
  5 centaurs
  4 crocodiles
  A big kobold (D:10)
  13 bullfrogs
  A gnoll sergeant (D:6)
  Dowan (D:7)
  5 scorpions
  5 killer bees
  3 howler monkeys
  10 wights
  An electric eel (D:7)
  5 crimson imps
  A bullfrog zombie (D:10)
  2 centaur zombies
  10 hounds
  5 orc priests
  8 jellies
  Crazy Yiuf (D:7)
  3 iguanas
  13 orc wizards
  3 worker ants
  A hound skeleton (D:4)
  A worker ant zombie (D:9)
  2 gnolls (D:10)
  6 adders
  2 shadow imps
  An adder zombie (D:7)
  5 oozes
  9 dart slugs
  7 leopard geckos
  30 orcs
  9 giant cockroaches
  11 goblins
  9 hobgoblins
  19 jackals
  12 kobolds
  2 quokkas (D:3)
  5 ball pythons
  9 bats
  6 frilled lizards
  10 rats
363 creatures vanquished.

Vanquished Creatures (collateral kills)
  A two-headed ogre (D:8)
  2 death yaks
  3 spiny frogs
  A torpor snail (Lair:3)
  A troll (D:10)
  3 hippogriffs
  6 blink frogs
  2 yaks
  A redback (Lair:4)
  A hungry ghost (D:10)
  2 porcupines
  A water moccasin (Lair:3)
  A necrophage (D:6)
  An ice beast (D:10)
  A phantom (D:4)
  4 ogres
  2 crocodiles
  A big kobold (D:10)
  3 bullfrogs
  A wyvern skeleton (D:9)
  3 killer bees
  3 wights (D:10)
  An electric eel (D:7)
  2 howler monkeys
  A quasit (D:9)
  A jelly (D:8)
  A bullfrog skeleton (D:6)
  An orc priest (D:8)
  4 worker ants
  A howler monkey skeleton (D:7)
  2 adders
  A gnoll (D:10)
  An ooze (D:8)
  A dart slug (D:7)
  11 orcs
  3 kobolds (D:10)
  2 quokkas
77 creatures vanquished.

Vanquished Creatures (others)
  A sky beast (D:5)
  11 hexers
  10 ancestors
  A dart slug (D:7)
  A leopard gecko (D:1)
  4 fungi (Lair:4)
28 creatures vanquished.

Grand Total: 468 creatures vanquished

Notes
Turn   | Place    | Note
-------+----------+-------------------------------------------
     0 | D:1      | Mesmaeker13 the Kobold Hunter began the quest for the Orb.
     0 | D:1      | Reached XP level 1. HP: 12/12 MP: 1/1
   469 | D:1      | Reached XP level 2. HP: 14/18 MP: 2/2
   501 | D:1      | Reached skill level 5 in Crossbows
   521 | D:1      | Reached skill level 1 in Short Blades
   770 | D:1      | Reached XP level 3. HP: 15/22 MP: 3/3
   794 | D:1      | Reached skill level 3 in Dodging
  1650 | D:1      | Reached XP level 4. HP: 22/27 MP: 4/4
  2575 | D:2      | Found a glowing golden altar of the Shining One.
  3947 | D:2      | Found a glowing silver altar of Zin.
  3973 | D:2      | Reached XP level 5. HP: 29/32 MP: 5/5
  4193 | D:3      | Found a sparkling altar of Nemelex Xobeh.
  4483 | D:3      | Noticed a sky beast
  5283 | D:3      | Reached skill level 4 in Dodging
  5294 | D:3      | Reached XP level 6. HP: 33/38 MP: 6/6
  5663 | D:3      | Killed a sky beast
  6154 | D:4      | Found a staircase to the Ecumenical Temple.
  6166 | D:4      | Reached skill level 5 in Dodging
  6166 | D:4      | Reached XP level 7. HP: 41/44 MP: 7/7
  6186 | Temple   | Entered the Ecumenical Temple
  6542 | Temple   | Became a worshipper of Hepliaklqana the Forgotten
  6871 | D:4      | Reached skill level 5 in Fighting
  6871 | D:4      | Reached skill level 5 in Short Blades
  7545 | D:4      | Found a shimmering blue altar of Sif Muna.
  7551 | D:4      | Reached XP level 8. HP: 43/45 MP: 8/8
  7553 | D:4      | Reached skill level 6 in Dodging
  7694 | D:5      | Entered Level 5 of the Dungeon
  7694 | D:5      | Reached * piety under Hepliaklqana
  8575 | D:5      | Reached skill level 7 in Dodging
  8731 | D:5      | Found an opulent altar of Gozag.
  8731 | D:5      | Found a sacrificial altar of Ru.
  8732 | D:5      | Found a radiant altar of Vehumet.
  8847 | D:6      | Noticed Menkaure
  8851 | D:6      | Killed Menkaure
  8974 | D:6      | Reached XP level 9. HP: 45/50 MP: 9/9
  9009 | D:6      | Found Iddaorurch's Armour Boutique.
  9217 | D:6      | Reached skill level 8 in Dodging
  9421 | D:6      | Noticed a +0 dagger
  9425 | D:6      | Noticed a +0 hand axe
  9631 | D:6      | Found a hide-covered altar of Uskayaw.
 10044 | D:6      | Found a basalt altar of Yredelemnul.
 10125 | D:6      | Found a white marble altar of Elyvilon.
 10438 | D:7      | Noticed Duvessa
 10439 | D:7      | Noticed Dowan
 10452 | D:7      | Reached ** piety under Hepliaklqana
 10523 | D:7      | Found a shadowy altar of Dithmenos.
 10540 | D:7      | Killed Duvessa
 10543 | D:7      | Reached skill level 1 in Shields
 10577 | D:7      | Killed Dowan
 10686 | D:6      | Reached skill level 9 in Dodging
 10767 | D:7      | Reached XP level 10. HP: 57/57 MP: 10/10
 11041 | D:7      | Found a runed translucent door.
 11042 | D:7      | Noticed Crazy Yiuf
 11579 | D:7      | Noticed Pikel
 11591 | D:7      | Killed Pikel
 11853 | D:7      | Killed Crazy Yiuf
 11995 | D:8      | Reached skill level 10 in Short Blades
 12270 | D:8      | Learned a level 3 spell: Confuse
 12503 | D:8      | Found a staircase to the Lair.
 12572 | D:8      | Reached skill level 10 in Dodging
 12582 | D:8      | Found a viscous altar of Jiyva.
 12738 | D:8      | Noticed a two-headed ogre
 12748 | D:8      | Killed a two-headed ogre
 13078 | D:8      | Noticed a two-headed ogre
 13096 | D:8      | Killed a two-headed ogre
 13096 | D:8      | Reached XP level 11. HP: 63/63 MP: 11/11
 13781 | D:9      | Found a shimmering altar of Xom.
 13810 | D:9      | Reached skill level 1 in Hexes
 14071 | D:9      | Reached skill level 10 in Fighting
 14256 | D:9      | Reached *** piety under Hepliaklqana
 14275 | D:9      | Reached skill level 11 in Dodging
 14301 | D:9      | Reached skill level 5 in Shields
 14861 | D:10     | Entered Level 10 of the Dungeon
 15132 | D:10     | Noticed an unseen horror
 15152 | D:10     | Killed an unseen horror
 15994 | D:10     | Reached skill level 12 in Dodging
 16003 | D:10     | Reached XP level 12. HP: 69/69 MP: 12/12
 16020 | D:10     | Reached skill level 5 in Hexes
 16211 | D:10     | Found Kobiamp's Jewellery Boutique.
 16254 | D:10     | Noticed a two-headed ogre
 16276 | D:10     | Killed a two-headed ogre
 16456 | Lair:1   | Entered Level 1 of the Lair of Beasts
 16653 | Lair:1   | Reached skill level 1 in Spellcasting
 16961 | Lair:1   | Noticed a six-headed hydra
 16973 | Lair:1   | Killed a six-headed hydra
 17235 | Lair:1   | Reached **** piety under Hepliaklqana
 17629 | Lair:2   | Remembered your ancestor Edmée as a hexer
 17662 | Lair:2   | Reached skill level 13 in Dodging
 18086 | Lair:2   | Found a runed translucent door.
 18238 | Lair:2   | Found a snail-covered altar of Cheibriados.
 18401 | Lair:2   | Reached XP level 13. HP: 47/73 MP: 15/19
 18542 | Lair:2   | Noticed a five-headed hydra
 18562 | Lair:2   | Killed a five-headed hydra
 19109 | Lair:2   | Noticed Haxyobbu's ghost (journeyman MiFi)
 19184 | Lair:2   | Killed Haxyobbu's ghost
 19184 | Lair:2   | Reached skill level 5 in Spellcasting
 19336 | Lair:3   | Found a staircase to the Shoals.
 19422 | Lair:3   | Got an ancient leather armour
 19433 | Lair:3   | Identified the +3 leather armour of Jigsaw {Str+2 Slay+3}
                  | (You found it on level 3 of the Lair of Beasts)
 19502 | Lair:3   | Noticed Sonja
 19504 | Lair:3   | Noticed a five-headed hydra
 19745 | Lair:3   | Reached skill level 14 in Dodging
 19834 | Lair:2   | Reached skill level 5 in Stealth
 20036 | Lair:3   | Killed Sonja
 20493 | Lair:3   | Identified a scroll of acquirement
 20559 | Lair:3   | Learned a level 6 spell: Death Channel
 20602 | Lair:3   | Killed a five-headed hydra
 20915 | Lair:4   | Reached skill level 1 in Throwing
 20935 | Lair:4   | Reached skill level 1 in Necromancy
 21199 | Lair:4   | Reached ***** piety under Hepliaklqana
 21201 | Lair:4   | Found a hole to the Spider Nest.
 21374 | Lair:4   | Reached XP level 14. HP: 71/79 MP: 21/21
 22257 | Lair:4   | Reached skill level 15 in Dodging
 23236 | Lair:4   | Mangled by a polar bear

Skill      XL: |  1  2  3  4  5  6  7  8  9 10 11 12 13 14 |
---------------+-------------------------------------------+-----
Crossbows      | 5 |  5.5
Short Blades   | 1 2 3 4 5 7 9 10 11 12 | 12.0
Dodging        | 3 4 5 7 9 10 12 13 14 15 | 15.0
Fighting       | 3 4 5 6 8 9 10 | 10.0
Shields        | 1 4 5 |  5.6
Hexes          | 4 7 9 |  9.2
Spellcasting   | 4 5 |  5.1
Stealth        | 7 8 |  8.8
Throwing       | 2 4 |  4.2
Necromancy     | 2 3 |  3.8
Armour         | |  0.9

Action                   |  1- 3 |  4- 6 |  7- 9 | 10-12 | 13-15 || total
-------------------------+-------+-------+-------+-------+-------++-------
Melee: Short sword       |   168 |   253 |    31 |   918 |   427 ||  1797
       Dagger            |       |    71 |   280 |     3 |    13 ||   367
 Fire: Hand crossbow     |     7 |    15 |     5 |     4 |       ||    31
Throw: Dart              |       |     8 |    14 |    24 |     6 ||    52
       Throwing net      |       |       |     2 |       |     1 ||     3
       Boomerang         |       |       |       |     2 |       ||     2
 Cast: Confuse           |       |       |       |    32 |    50 ||    82
Invok: Ancestor Life: He |       |       |       |     1 |       ||     1
       Recall Ancestor   |       |       |       |       |     1 ||     1
Evoke: Wand              |       |       |    12 |    20 |    13 ||    45
  Use: Scroll            |     2 |     3 |     5 |     8 |     6 ||    24
       Potion            |       |     2 |     4 |     2 |     2 ||    10
 Stab: Invisible         |       |     1 |       |       |     5 ||     6
       Distracted        |       |       |     6 |     7 |     4 ||    17
       Paralysed         |       |       |     3 |     2 |       ||     5
       Sleeping          |       |       |       |     1 |     1 ||     2
       Confused          |       |       |       |    20 |    32 ||    52
  Eat: Chunk             |    10 |    15 |    15 |    28 |    19 ||    87
Armor: Leather armour    |    42 |    59 |     7 |       |    24 ||   132
       Scale mail        |       |     1 |    38 |       |       ||    39
       Ring mail         |       |       |    16 |   118 |    10 ||   144
Dodge: Dodged            |   138 |   270 |   146 |   432 |   275 ||  1261
       Deflected         |       |       |       |     3 |       ||     3
Block: Buckler           |       |       |    12 |   174 |    85 ||   271
